AoeStats
← Deja de llorar

Nomad

509764548Analyzed
3v3 RM · 3d ago on Sep 27, 2026· 42m 41s· 6 players
Game mode
Random Map
Map size
210×210
Population
200
Speed
Normal
Resources
Standard
Victory
Conquest
Starting age
Dark Age
Ending age
Imperial Age
RankedLock teamsTeams togetherTeam positionsShared explorationLock speedFull tech treeHidden civsTurbo modeCheats
Victory
Defeat
🇧🇷 Vikings · Brazil
1188
+14
🇨🇱 Vietnamese · Chile
1122
+17
🇵🇪 Persians · Peru
1067
+20
🇳🇱 Huns · Netherlands
1188
-18
🇵🇱 Saxons · Poland
1141
-17
🇨🇦 Hindustanis · Canada
1114
-16
Medina90
10:24 Loom
12:37 Feudal Age
20:48 Castle Age
33:42 Wheelbarrow
33:27 Double-Bit Axe
33:35 Horse Collar
38:49 Bow Saw
42:45 Hand Cart
45:06 Imperial Age
43:25 Bloodlines
43:15 Husbandry
KoryT
11:35 Loom
14:47 Feudal Age
20:06 Castle Age
18:27 Double-Bit Axe
18:28 Horse Collar
19:14 Fletching
19:49 Stone Mining
20:14 Gold Mining
24:37 Murder Holes
25:12 Bodkin Arrow
30:30 Scale Mail Armor
30:45 Bow Saw
32:26 Squires
33:12 Ballistics
33:38 Gold Shaft Mining
trashypanda
14:03 Feudal Age
15:12 Loom
18:52 Castle Age
17:24 Double-Bit Axe
17:21 Horse Collar
17:44 Scale Mail Armor
19:38 Fishing Lines
21:07 Chain Mail Armor
21:02 Forging
20:55 Squires
20:51 Arson
25:40 Scale Barding Armor
26:11 Iron Casting
26:21 Wheelbarrow
26:46 Bloodlines
26:36 Husbandry
27:50 Chain Barding Armor
33:07 Hand Cart
33:25 Bow Saw
33:16 Heavy Plow
39:03 Imperial Age
40:47 Plate Barding Armor
41:13 Blast Furnace
Deja de llorar
5:27 Loom
12:40 Feudal Age
15:32 Scale Barding Armor
15:39 Forging
15:24 Double-Bit Axe
21:21 Castle Age
21:23 Bloodlines
21:55 Wheelbarrow
21:47 Town Watch
22:41 Bow Saw
24:46 Iron Casting
25:44 Chain Barding Armor
29:20 Husbandry
32:08 Fletching
32:18 Padded Archer Armor
37:56 Imperial Age
37:45 Cavalier
39:19 Plate Barding Armor
39:45 Blast Furnace
40:40 Conscription
41:29 Savar
Bigode Grosso
5:12 Loom
13:41 Feudal Age
14:08 Double-Bit Axe
19:52 Castle Age
18:08 Gold Mining
18:09 Stone Mining
20:22 Town Watch
22:40 Fletching
24:19 Gold Shaft Mining
25:38 Fishing Lines
26:51 Padded Archer Armor
26:47 Bodkin Arrow
30:10 Ballistics
32:35 Imperial Age
31:11 Scale Barding Armor
31:25 Leather Archer Armor
31:49 Crossbowman
32:41 Treadmill Crane
35:46 Conscription
37:52 Scale Mail Armor
38:23 Ring Archer Armor
37:53 Bracer
38:04 Forging
38:30 Bow Saw
39:33 Horse Collar
40:01 Squires
39:46 Arson
39:23 Arbalester
40:22 Chain Mail Armor
42:05 Two-Man Saw
42:14 Chemistry
Lautaro_aoe
5:08 Loom
13:04 Feudal Age
14:14 Town Watch
18:40 Horse Collar
25:56 Castle Age
29:59 Castle Age
28:56 Double-Bit Axe
31:36 Wheelbarrow
31:12 Bow Saw
31:06 Heavy Plow
32:17 Hand Cart
35:12 Fletching
36:36 Stone Mining
36:54 Gold Mining
40:52 Stone Shaft Mining
44:51 Imperial Age
42:10 Treadmill Crane
42:11 Man-at-Arms
Connection lost

Rejoining the realm…

Still unreachable

The connection could not be restored.

Session expired

The server has moved on; the page needs a fresh start.